Winnipeg Jets vs Edmonton Oilers
(R2)
Created - Tuesday, May 21, 2024 at 06:03
Goals
|
| Winnipeg Jets |
0 |
1 |
1 |
2 |
| Edmonton Oilers |
0 |
1 |
2 |
3 |
|
Shots
|
| Winnipeg Jets |
12 |
9 |
10 |
31 |
| Edmonton Oilers |
11 |
9 |
14 |
34 |
|
1st period
No Goal
Penalties :
Kaiden Guhle (WPG) for Hooking (Minor) at 15:49, Barclay Goodrow (WPG) for Hooking (Minor) at 19:51
2nd period
1. Edmonton Oilers , Mikael Backlund 18 (David Perron 21, Rasmus Ristolainen 9) at 6:21
2. Winnipeg Jets , Lucas Raymond 24 (Alex DeBrincat 25, Connor McDavid 54) at 10:08
Penalties :
Barclay Goodrow (WPG) for Cross-checking (Minor) at 18:11
3rd period
3. Edmonton Oilers , Jake DeBrusk 16 (Mikael Backlund 30) at 4:40 (PP)
4. Edmonton Oilers , Adrian Kempe 28 (Brock Boeser 39, Boone Jenner 42) at 9:45 (PP)
5. Winnipeg Jets , Lucas Raymond 25 (Connor McDavid 55) at 14:56 (PP)
Penalties :
Blake Wheeler (EDM) for Interference (Minor) at 0:55, Calen Addison (WPG) for Hooking (Minor) at 4:13, Dante Fabbro (WPG) for Roughing (Double Minor) at 8:28, Tanner Jeannot (EDM) for Holding (Minor) at 11:58, Blake Wheeler (EDM) for Interference (Minor) at 14:18, Nathan Beaulieu (WPG) for Hooking (Minor) at 16:55, Jeff Carter (EDM) for Holding (Minor) at 19:12
Goalie Stats
Ukko-Pekka Luukkonen (WPG), 31 saves from 34 shots - (0.912), L, 4-6-0, 59:13 minutes
Matt Murray (EDM), 29 saves from 31 shots - (0.935), W, 2-6-1, 60:00 minutes
Players Stats for Winnipeg Jets
Player Name G A P +/- PIM S H SB GA TA FO MP PP MP PK MP
------------------------------------------------------------------------------------
Alex DeBrincat 0 1 1 1 0 3 1 1 0 0 4/11 20:59 2:54 6:12
Andrew Cogliano 0 0 0 0 0 4 0 0 1 0 0/1 10:47 0:01 0:00
Barclay Goodrow 0 0 0 -1 4 0 2 0 0 0 1/1 14:29 2:28 0:00
Calen Addison 0 0 0 -1 2 0 0 0 0 0 0/0 12:04 0:00 0:09
Connor McDavid 0 2 2 1 0 6 4 1 0 0 6/20 20:43 2:54 5:21
Dante Fabbro 0 0 0 0 4 0 0 0 0 1 0/0 23:33 2:57 3:58
Dylan Samberg 0 0 0 1 0 1 1 1 0 0 0/0 22:26 2:26 5:44
Joel Armia 0 0 0 0 0 3 2 0 0 0 0/0 10:26 0:00 0:06
John Hayden 0 0 0 0 0 0 3 1 0 0 0/1 8:12 0:00 0:00
Jordan Harris 0 0 0 -1 0 0 1 0 0 0 0/0 16:25 0:00 4:07
Kaapo Kakko 0 0 0 -1 0 3 1 1 0 1 0/1 14:14 2:28 0:00
Kaiden Guhle 0 0 0 0 2 2 2 0 0 1 0/0 23:36 2:57 4:28
Lucas Raymond 2 0 2 1 0 3 4 1 0 0 1/1 20:59 2:54 6:12
Matthew Beniers 0 0 0 0 0 1 1 0 0 1 6/8 10:40 0:01 0:00
Nathan Beaulieu 0 0 0 1 2 0 0 1 0 1 0/0 21:39 2:26 4:52
Nick Suzuki 0 0 0 -1 0 1 3 2 4 1 4/10 20:05 2:28 5:21
Sam Steel 0 0 0 0 0 2 0 0 1 0 2/4 8:17 0:00 0:00
Yegor Sharangovich 0 0 0 0 0 2 1 0 0 0 0/0 8:41 0:01 0:06
Players Stats for Edmonton Oilers
Player Name G A P +/- PIM S H SB GA TA FO MP PP MP PK MP
------------------------------------------------------------------------------------
Adrian Kempe 1 0 1 -1 0 4 0 0 1 0 1/3 21:01 6:28 2:35
Alex Iafallo 0 0 0 0 0 1 2 0 0 0 0/0 10:57 0:00 0:00
Blake Wheeler 0 0 0 0 4 4 0 0 0 0 5/11 11:11 0:10 0:00
Boone Jenner 0 1 1 -1 0 4 4 0 1 0 14/19 21:21 6:28 2:48
Brandon Carlo 0 0 0 0 0 1 2 0 1 1 0/0 23:51 6:12 2:38
Brett Pesce 0 0 0 1 0 0 0 2 0 1 0/0 12:05 0:00 0:00
Brock Boeser 0 1 1 -1 0 4 1 1 0 1 1/4 21:21 6:28 2:48
David Perron 0 1 1 1 0 2 0 0 2 0 0/0 17:07 5:01 0:00
Dawson Mercer 0 0 0 0 0 0 0 0 0 0 0/1 7:46 0:00 0:00
Derek Grant 0 0 0 0 0 0 1 0 0 0 0/0 7:46 0:00 0:00
Evan Bouchard 0 0 0 -1 0 2 1 1 0 0 0/0 24:04 5:27 2:45
Jacob Trouba 0 0 0 0 0 0 1 1 0 2 0/0 23:51 6:12 2:38
Jake DeBrusk 1 0 1 1 0 5 2 0 0 0 0/0 17:07 5:01 0:00
Jeff Carter 0 0 0 0 2 0 1 1 0 0 0/0 11:10 0:10 0:00
Mikael Backlund 1 1 2 1 0 4 2 0 1 0 13/20 19:56 5:11 2:35
Rasmus Ristolainen 0 1 1 -1 0 1 0 1 0 1 0/0 24:04 5:27 2:45
Scott Mayfield 0 0 0 1 0 2 1 1 0 0 0/0 12:05 0:00 0:00
Tanner Jeannot 0 0 0 0 2 0 0 0 0 0 0/0 7:50 0:00 0:00
3 Stars
1 - Lucas Raymond (WPG)
2 - Mikael Backlund (EDM)
3 - Connor McDavid (WPG)
Power Play
Winnipeg Jets - 1 on 4 Attempt(s) - 25.00%
Edmonton Oilers - 2 on 7 Attempt(s) - 28.57%
Penalty Kill
Winnipeg Jets - 5 on 7 Attempt(s) - 71.43%
- Score 0 goal in Penalty Kill
Edmonton Oilers - 3 on 4 Attempt(s) - 75.00%
- Score 0 goal in Penalty Kill
Team Stat
Winnipeg Jets - Hits : 26 - Faceoff Wins : 24 - Blocked Shots : 9 - Penalty Minutes : 14
Edmonton Oilers - Hits : 18 - Faceoff Wins : 34 - Blocked Shots : 8 - Penalty Minutes : 8
Official
Referees : Mike Leggo and Rob Martell
Linesman : Mike Cvik and Brian Mach
Game Notes
4:40 of 3rd period - Edmonton Oilers goal is going for a video replay. After video review, Goal.
Finance
Level 1 -- Attendance: 5510 (91.83%) -- Ticket Income $495,900
Level 2 -- Attendance: 4456 (89.12%) -- Ticket Income $222,800
Level 3 -- Attendance: 2890 (96.33%) -- Ticket Income $86,700
Level 4 -- Attendance: 4745 (94.90%) -- Ticket Income $94,900
Luxury Box -- Attendance: 933 (93.30%) -- Ticket Income $177,270
Game was played at the Rexall Place.
Total Attendance: 18534 (92.67%)
Total Ticket Income: $1,077,570
Other Income: $377,150
Total Income: $1,454,720
Winnipeg Jets
5 vs 5 Forward
Center Left Wing Right Wing Time % Phy DF OF
1 Connor McDavid Alex DeBrincat Lucas Raymond 30 1 2 2
2 Nick Suzuki Barclay Goodrow Kaapo Kakko 30 1 2 2
3 Matthew Beniers Andrew Cogliano Joel Armia 25 1 2 2
4 Sam Steel Yegor Sharangovich John Hayden 15 1 2 2
5 vs 5 Defense
Defense Defense Time % Phy DF OF
1 Dante Fabbro Kaiden Guhle 30 1 2 2
2 Nathan Beaulieu Dylan Samberg 30 1 2 2
3 Calen Addison Jordan Harris 25 1 2 2
4 Dante Fabbro Kaiden Guhle 15 1 2 2
PowerPlay Forward
Center Left Wing Right Wing Time % Phy DF OF
1 Connor McDavid Alex DeBrincat Lucas Raymond 50 1 2 2
2 Nick Suzuki Barclay Goodrow Kaapo Kakko 50 1 2 2
PowerPlay Defense
Defense Defense Time % Phy DF OF
1 Dante Fabbro Kaiden Guhle 50 1 2 2
2 Nathan Beaulieu Dylan Samberg 50 1 2 2
Penalty Kill 4 Players Forward
Center Wing Time % Phy DF OF
1 Connor McDavid Nick Suzuki 50 1 2 2
2 Alex DeBrincat Lucas Raymond 50 1 2 2
Penalty Kill 4 Players Defense
Defense Defense Time % Phy DF OF
1 Dante Fabbro Kaiden Guhle 50 1 2 2
2 Nathan Beaulieu Dylan Samberg 50 1 2 2
Penalty Kill - 3 Players Forward
Forward Time % Phy DF OF
1 Connor McDavid 50 1 2 2
2 Nick Suzuki 50 1 2 2
Penalty Kill - 3 Players Defense
Defense Defense Time % Phy DF OF
1 Dante Fabbro Kaiden Guhle 50 1 2 2
2 Nathan Beaulieu Dylan Samberg 50 1 2 2
4 vs 4 Forward
Center Wing Time % Phy DF OF
1 Connor McDavid Nick Suzuki 50 1 2 2
2 Alex DeBrincat Lucas Raymond 50 1 2 2
4 vs 4 Defense
Defense Defense Time % Phy DF OF
1 Dante Fabbro Kaiden Guhle 50 1 2 2
2 Nathan Beaulieu Dylan Samberg 50 1 2 2
Last Minutes Offensive
Center Left Wing Right Wing Defense Defense
Connor McDavid Alex DeBrincat Lucas Raymond Dante Fabbro Kaiden Guhle
Last Minutes Defensive
Center Left Wing Right Wing Defense Defense
Nick Suzuki Alex DeBrincat Lucas Raymond Dante Fabbro Kaiden Guhle
Goaltenders
Starting : Ukko-Pekka Luukkonen
Backup : Spencer Knight
Extra Forwards
Normal : Matthew Beniers, Andrew Cogliano, Joel Armia - PP : Matthew Beniers, Andrew Cogliano - PK : Joel Armia
Extra Defensemen
Normal : Calen Addison, Jordan Harris, Nathan Beaulieu - PP : Calen Addison - PK : Jordan Harris, Nathan Beaulieu
Penalty Shots
Connor McDavid, Nick Suzuki, Alex DeBrincat, Lucas Raymond, Matthew Beniers
Edmonton Oilers
5 vs 5 Forward
Center Left Wing Right Wing Time % Phy DF OF
1 Boone Jenner Adrian Kempe Brock Boeser 30 1 2 2
2 Mikael Backlund Jake DeBrusk David Perron 30 1 2 2
3 Blake Wheeler Alex Iafallo Jeff Carter 25 1 2 2
4 Dawson Mercer Derek Grant Tanner Jeannot 15 1 2 2
5 vs 5 Defense
Defense Defense Time % Phy DF OF
1 Jacob Trouba Brandon Carlo 35 1 2 2
2 Evan Bouchard Rasmus Ristolainen 35 1 2 2
3 Brett Pesce Scott Mayfield 30 1 2 2
4 Jacob Trouba Brandon Carlo 0 1 2 2
PowerPlay Forward
Center Left Wing Right Wing Time % Phy DF OF
1 Boone Jenner Adrian Kempe Brock Boeser 50 1 2 2
2 Mikael Backlund Jake DeBrusk David Perron 50 1 2 2
PowerPlay Defense
Defense Defense Time % Phy DF OF
1 Jacob Trouba Brandon Carlo 50 1 2 2
2 Evan Bouchard Rasmus Ristolainen 50 1 2 2
Penalty Kill 4 Players Forward
Center Wing Time % Phy DF OF
1 Brock Boeser Boone Jenner 50 1 2 2
2 Adrian Kempe Mikael Backlund 50 1 2 2
Penalty Kill 4 Players Defense
Defense Defense Time % Phy DF OF
1 Jacob Trouba Brandon Carlo 50 1 2 2
2 Evan Bouchard Rasmus Ristolainen 50 1 2 2
Penalty Kill - 3 Players Forward
Forward Time % Phy DF OF
1 Brock Boeser 50 1 2 2
2 Boone Jenner 50 1 2 2
Penalty Kill - 3 Players Defense
Defense Defense Time % Phy DF OF
1 Jacob Trouba Brandon Carlo 50 1 2 2
2 Evan Bouchard Rasmus Ristolainen 50 1 2 2
4 vs 4 Forward
Center Wing Time % Phy DF OF
1 Brock Boeser Boone Jenner 50 1 2 2
2 Adrian Kempe Mikael Backlund 50 1 2 2
4 vs 4 Defense
Defense Defense Time % Phy DF OF
1 Jacob Trouba Brandon Carlo 50 1 2 2
2 Evan Bouchard Rasmus Ristolainen 50 1 2 2
Last Minutes Offensive
Center Left Wing Right Wing Defense Defense
Boone Jenner Adrian Kempe Brock Boeser Jacob Trouba Brandon Carlo
Last Minutes Defensive
Center Left Wing Right Wing Defense Defense
Boone Jenner Adrian Kempe Brock Boeser Jacob Trouba Brandon Carlo
Goaltenders
Starting : Matt Murray
Backup : Juuse Saros
Extra Forwards
Normal : Blake Wheeler, Jeff Carter, Alex Iafallo - PP : Blake Wheeler, Jeff Carter - PK : Alex Iafallo
Extra Defensemen
Normal : Brett Pesce, Scott Mayfield, Evan Bouchard - PP : Brett Pesce - PK : Scott Mayfield, Evan Bouchard
Penalty Shots
Brock Boeser, Boone Jenner, Adrian Kempe, Mikael Backlund, Jake DeBrusk
% Time on Ice - Winnipeg Jets
Lines # - Real PCT - Wanted PCT - Time Play
Normal Forward
1 - 29% - 30% - 12:16
2 - 28% - 30% - 12:03
3 - 24% - 25% - 10:15
4 - 19% - 15% - 8:12
Normal Defense
1 - 30% - 30% - 12:50
2 - 33% - 30% - 14:16
3 - 27% - 25% - 11:42
4 - 9% - 15% - 3:58
PP Forward
1 - 54% - 50% - 2:54
2 - 46% - 50% - 2:29
PP Defense
1 - 55% - 50% - 2:57
2 - 45% - 50% - 2:26
PK Forward
1 - 46% - 50% - 5:21
2 - 54% - 50% - 6:18
PK Defense
1 - 51% - 50% - 5:55
2 - 49% - 50% - 5:44
PK3 Forward
1 - 0% - 50%
2 - 0% - 50%
PK3 Defense
1 - 0% - 50%
2 - 0% - 50%
44 Forward
1 - 0% - 50%
2 - 0% - 50%
44 Defense
1 - 0% - 50%
2 - 0% - 50%
Last Minute Offensive - 0:12
Last Minute Defensive - 0:00
Total
Forward - 60:00
Defense - 60:00
|
% Time on Ice - Edmonton Oilers
Lines # - Real PCT - Wanted PCT - Time Play
Normal Forward
1 - 28% - 30% - 12:05
2 - 28% - 30% - 12:10
3 - 25% - 25% - 10:42
4 - 18% - 15% - 7:46
Normal Defense
1 - 35% - 35% - 14:58
2 - 37% - 35% - 15:40
3 - 28% - 30% - 12:05
4 - 0% - 0% - 0:00
PP Forward
1 - 56% - 50% - 6:28
2 - 44% - 50% - 5:11
PP Defense
1 - 53% - 50% - 6:12
2 - 47% - 50% - 5:27
PK Forward
1 - 52% - 50% - 2:48
2 - 48% - 50% - 2:35
PK Defense
1 - 49% - 50% - 2:38
2 - 51% - 50% - 2:45
PK3 Forward
1 - 0% - 50%
2 - 0% - 50%
PK3 Defense
1 - 0% - 50%
2 - 0% - 50%
44 Forward
1 - 0% - 50%
2 - 0% - 50%
44 Defense
1 - 0% - 50%
2 - 0% - 50%
Last Minute Offensive - 0:00
Last Minute Defensive - 0:15
Total
Forward - 60:00
Defense - 60:00
|
Play-by-Play
1st period
0:01 of 1st period - Boone Jenner wins face-off versus Connor McDavid in neutral zone.
0:04 of 1st period - Snap shot by Adrian Kempe.
0:04 of 1st period - Stopped by Ukko-Pekka Luukkonen with a rebound.
0:15 of 1st period - Off-side.
0:16 of 1st period - Mikael Backlund wins face-off versus Nick Suzuki in neutral zone.
0:41 of 1st period - Evan Bouchard is hit by Joel Armia.
2:59 of 1st period - Wrist shot by Lucas Raymond.
2:59 of 1st period - Shot Misses the Net.
3:15 of 1st period - Jake DeBrusk is hit by Barclay Goodrow and loses puck.
3:36 of 1st period - Wrist shot by Matthew Beniers.
3:36 of 1st period - Shot Misses the Net.
3:38 of 1st period - Wrist shot by Matthew Beniers.
3:38 of 1st period - Shot Misses the Net.
3:40 of 1st period - Snap shot by Joel Armia.
3:40 of 1st period - Stopped by Matt Murray with a rebound.
3:42 of 1st period - Snap shot by Andrew Cogliano.
3:42 of 1st period - Stopped by Matt Murray without a rebound.
3:43 of 1st period - Boone Jenner wins face-off versus Alex DeBrincat in Edmonton Oilers zone.
5:11 of 1st period - Rasmus Ristolainen is hit by Connor McDavid and loses puck.
5:40 of 1st period - Barclay Goodrow is hit by Alex Iafallo.
6:00 of 1st period - Jacob Trouba is hit by John Hayden and loses puck.
6:40 of 1st period - Scott Mayfield is hit by Connor McDavid and loses puck.
7:38 of 1st period - Wrist shot by Connor McDavid.
7:38 of 1st period - Shot Blocked by Brett Pesce.
7:40 of 1st period - Wrist shot by Connor McDavid.
7:40 of 1st period - Stopped by Matt Murray with a rebound.
7:42 of 1st period - Slapshot by Nathan Beaulieu.
7:42 of 1st period - Deflect By Lucas Raymond.
7:42 of 1st period - Stopped by Matt Murray without a rebound.
7:43 of 1st period - Matthew Beniers wins face-off versus Blake Wheeler in Edmonton Oilers zone.
7:48 of 1st period - Snap shot by Andrew Cogliano.
7:48 of 1st period - Stopped by Matt Murray with a rebound.
7:54 of 1st period - Slapshot by Andrew Cogliano.
7:54 of 1st period - Stopped by Matt Murray with a rebound.
7:56 of 1st period - Snap shot by Andrew Cogliano.
7:56 of 1st period - Stopped by Matt Murray with a rebound.
7:58 of 1st period - Snap shot by Matthew Beniers.
7:58 of 1st period - Shot Misses the Net.
8:10 of 1st period - Connor McDavid is hit by Evan Bouchard and loses puck.
8:26 of 1st period - Brock Boeser is hit by Jordan Harris and loses puck.
8:37 of 1st period - Snap shot by Connor McDavid.
8:37 of 1st period - Stopped by Matt Murray with a rebound.
8:39 of 1st period - Slapshot by Nathan Beaulieu.
8:39 of 1st period - Shot Blocked by Evan Bouchard.
9:01 of 1st period - Slapshot by Lucas Raymond.
9:01 of 1st period - Deflect By Brock Boeser.
9:01 of 1st period - Shot Misses the Net.
9:01 of 1st period - Puck is out of play.
9:02 of 1st period - Nick Suzuki wins face-off versus Mikael Backlund in Edmonton Oilers zone.
9:34 of 1st period - Wrist shot by Blake Wheeler.
9:34 of 1st period - Shot Misses the Net.
9:57 of 1st period - Brett Pesce is hit by Yegor Sharangovich and loses puck.
10:16 of 1st period - Wrist shot by Nick Suzuki.
10:16 of 1st period - Shot Misses the Net.
10:40 of 1st period - Snap shot by Brock Boeser.
10:40 of 1st period - Shot Blocked by Connor McDavid.
11:31 of 1st period - Nick Suzuki is hit by Brandon Carlo and loses puck.
11:40 of 1st period - Slapshot by Blake Wheeler.
11:40 of 1st period - Deflect By Kaapo Kakko.
11:40 of 1st period - Stopped by Ukko-Pekka Luukkonen with a rebound.
11:52 of 1st period - Adrian Kempe is hit by John Hayden.
12:01 of 1st period - Slapshot by Kaiden Guhle.
12:01 of 1st period - Deflect By Boone Jenner.
12:01 of 1st period - Stopped by Matt Murray without a rebound.
12:02 of 1st period - Mikael Backlund wins face-off versus Connor McDavid in Edmonton Oilers zone.
12:02 of 1st period - Mikael Backlund is hit by Lucas Raymond.
12:10 of 1st period - Wrist shot by Jake DeBrusk.
12:10 of 1st period - Stopped by Ukko-Pekka Luukkonen with a rebound.
12:12 of 1st period - Slapshot by Rasmus Ristolainen.
12:12 of 1st period - Stopped by Ukko-Pekka Luukkonen with a rebound.
12:14 of 1st period - Snap shot by Jake DeBrusk.
12:14 of 1st period - Stopped by Ukko-Pekka Luukkonen without a rebound.
12:15 of 1st period - Nick Suzuki wins face-off versus Mikael Backlund in Winnipeg Jets zone.
12:15 of 1st period - Nick Suzuki is hit by Jake DeBrusk.
13:04 of 1st period - Evan Bouchard is hit by Alex DeBrincat and loses puck.
13:30 of 1st period - Snap shot by Yegor Sharangovich.
13:30 of 1st period - Deflect By Evan Bouchard.
13:30 of 1st period - Shot Misses the Net.
13:30 of 1st period - Puck is out of play.
13:31 of 1st period - Mikael Backlund wins face-off versus Kaapo Kakko in Edmonton Oilers zone.
13:58 of 1st period - Brett Pesce is hit by Connor McDavid and loses puck.
14:07 of 1st period - Snap shot by Lucas Raymond.
14:07 of 1st period - Shot Blocked by Brett Pesce.
14:13 of 1st period - Dylan Samberg is hit by Scott Mayfield and loses puck.
14:24 of 1st period - Snap shot by Adrian Kempe.
14:24 of 1st period - Stopped by Ukko-Pekka Luukkonen with a rebound.
14:26 of 1st period - Slapshot by Scott Mayfield.
14:26 of 1st period - Deflect By Alex DeBrincat.
14:26 of 1st period - Stopped by Ukko-Pekka Luukkonen with a rebound.
14:28 of 1st period - Snap shot by Scott Mayfield.
14:28 of 1st period - Stopped by Ukko-Pekka Luukkonen with a rebound.
14:30 of 1st period - Snap shot by Boone Jenner.
14:30 of 1st period - Stopped by Ukko-Pekka Luukkonen without a rebound.
14:31 of 1st period - Nick Suzuki wins face-off versus Mikael Backlund in Winnipeg Jets zone.
14:31 of 1st period - Nick Suzuki is hit by Mikael Backlund.
15:02 of 1st period - Wrist shot by Blake Wheeler.
15:02 of 1st period - Stopped by Ukko-Pekka Luukkonen without a rebound.
15:03 of 1st period - Matthew Beniers wins face-off versus Blake Wheeler in Winnipeg Jets zone.
15:39 of 1st period - Slapshot by David Perron.
15:39 of 1st period - Shot Blocked by Kaapo Kakko.
15:49 of 1st period - Minor Penalty to Kaiden Guhle for Hooking.
15:50 of 1st period - Boone Jenner wins face-off versus Alex DeBrincat in Winnipeg Jets zone.
15:53 of 1st period - Snap shot by Brock Boeser.
15:53 of 1st period - Stopped by Ukko-Pekka Luukkonen without a rebound.
15:54 of 1st period - Alex DeBrincat wins face-off versus Boone Jenner in Winnipeg Jets zone.
15:54 of 1st period - Alex DeBrincat is hit by Boone Jenner.
16:19 of 1st period - Off-side.
16:20 of 1st period - Mikael Backlund wins face-off versus Alex DeBrincat in neutral zone.
16:56 of 1st period - Slapshot by Connor McDavid.
16:56 of 1st period - Stopped by Matt Murray with a rebound.
17:05 of 1st period - Off-side.
17:06 of 1st period - Boone Jenner wins face-off versus Alex DeBrincat in neutral zone.
17:49 of 1st period - Penalty to Kaiden Guhle is over, Kaiden Guhle is back on ice.
18:10 of 1st period - Snap shot by Yegor Sharangovich.
18:10 of 1st period - Stopped by Matt Murray without a rebound.
18:11 of 1st period - Blake Wheeler wins face-off versus Sam Steel in Edmonton Oilers zone.
18:24 of 1st period - Snap shot by Blake Wheeler.
18:24 of 1st period - Shot Blocked by John Hayden.
19:01 of 1st period - Icing by Jake DeBrusk.
19:02 of 1st period - Mikael Backlund wins face-off versus Nick Suzuki in Edmonton Oilers zone.
19:02 of 1st period - Mikael Backlund is hit by Kaiden Guhle.
19:28 of 1st period - Wrist shot by Kaapo Kakko.
19:28 of 1st period - Stopped by Matt Murray with a rebound.
19:51 of 1st period - Minor Penalty to Barclay Goodrow for Hooking.
19:52 of 1st period - Alex DeBrincat wins face-off versus Boone Jenner in Winnipeg Jets zone.
Goals for this period are 0 for Winnipeg Jets vs 0 for Edmonton Oilers.
Shots for this period are 12 for Winnipeg Jets vs 11 for Edmonton Oilers.
2nd period
0:01 of 2nd period - Boone Jenner wins face-off versus Connor McDavid in neutral zone.
0:17 of 2nd period - Evan Bouchard is hit by Lucas Raymond and loses puck.
0:37 of 2nd period - Snap shot by Jake DeBrusk.
0:37 of 2nd period - Shot Misses the Net.
0:39 of 2nd period - Snap shot by Jake DeBrusk.
0:39 of 2nd period - Shot Blocked by Nick Suzuki.
0:41 of 2nd period - Snap shot by Brandon Carlo.
0:41 of 2nd period - Deflect By Mikael Backlund.
0:41 of 2nd period - Stopped by Ukko-Pekka Luukkonen with a rebound.
0:43 of 2nd period - Slapshot by Jake DeBrusk.
0:43 of 2nd period - Shot Misses the Net.
1:51 of 2nd period - Penalty to Barclay Goodrow is over, Barclay Goodrow is back on ice.
2:47 of 2nd period - Slapshot by Nick Suzuki.
2:47 of 2nd period - Stopped by Matt Murray with a rebound.
2:49 of 2nd period - Slapshot by Barclay Goodrow.
2:49 of 2nd period - Shot Blocked by Scott Mayfield.
3:18 of 2nd period - Tanner Jeannot is hit by Lucas Raymond.
4:19 of 2nd period - Boone Jenner is hit by Lucas Raymond.
4:29 of 2nd period - Tanner Jeannot is hit by Nick Suzuki.
4:53 of 2nd period - Lucas Raymond is hit by Jake DeBrusk and loses puck.
5:06 of 2nd period - Slapshot by Yegor Sharangovich.
5:06 of 2nd period - Shot Misses the Net.
5:08 of 2nd period - Slapshot by Dylan Samberg.
5:08 of 2nd period - Shot Blocked by Brock Boeser.
5:10 of 2nd period - Snap shot by Dylan Samberg.
5:10 of 2nd period - Stopped by Matt Murray with a rebound.
5:12 of 2nd period - Snap shot by Sam Steel.
5:12 of 2nd period - Deflect By Yegor Sharangovich.
5:12 of 2nd period - Shot Misses the Net.
5:12 of 2nd period - Puck is out of play.
5:13 of 2nd period - Matthew Beniers wins face-off versus Blake Wheeler in Edmonton Oilers zone.
5:16 of 2nd period - Wrist shot by Matthew Beniers.
5:16 of 2nd period - Shot Misses the Net.
5:18 of 2nd period - Snap shot by Joel Armia.
5:18 of 2nd period - Stopped by Matt Murray with a rebound.
5:20 of 2nd period - Slapshot by Dante Fabbro.
5:20 of 2nd period - Shot Blocked by Jeff Carter.
5:43 of 2nd period - Snap shot by Kaapo Kakko.
5:43 of 2nd period - Deflect By Nick Suzuki.
5:43 of 2nd period - Shot Misses the Net.
5:43 of 2nd period - Puck is out of play.
5:44 of 2nd period - Boone Jenner wins face-off versus Connor McDavid in Edmonton Oilers zone.
6:10 of 2nd period - Jake DeBrusk is hit by Kaapo Kakko and loses puck.
6:21 of 2nd period - Snap shot by Mikael Backlund.
6:21 of 2nd period - Goal by Mikael Backlund - Winnipeg Jets : 0 - Edmonton Oilers : 1.
6:22 of 2nd period - Connor McDavid wins face-off versus Boone Jenner in neutral zone.
6:58 of 2nd period - Wrist shot by Jake DeBrusk.
6:58 of 2nd period - Stopped by Ukko-Pekka Luukkonen with a rebound.
7:16 of 2nd period - Brett Pesce is hit by Nick Suzuki and loses puck.
7:33 of 2nd period - Wrist shot by Sam Steel.
7:33 of 2nd period - Deflect By Yegor Sharangovich.
7:33 of 2nd period - Shot Misses the Net.
7:33 of 2nd period - Puck is out of play.
7:34 of 2nd period - Boone Jenner wins face-off versus John Hayden in Edmonton Oilers zone.
7:39 of 2nd period - Snap shot by Evan Bouchard.
7:39 of 2nd period - Deflect By Yegor Sharangovich.
7:39 of 2nd period - Stopped by Ukko-Pekka Luukkonen without a rebound.
7:40 of 2nd period - Boone Jenner wins face-off versus Connor McDavid in Winnipeg Jets zone.
8:12 of 2nd period - Wrist shot by Boone Jenner.
8:12 of 2nd period - Stopped by Ukko-Pekka Luukkonen with a rebound.
8:18 of 2nd period - Wrist shot by Brock Boeser.
8:18 of 2nd period - Stopped by Ukko-Pekka Luukkonen with a rebound.
8:42 of 2nd period - Snap shot by Alex DeBrincat.
8:42 of 2nd period - Stopped by Matt Murray with a rebound.
9:02 of 2nd period - Wrist shot by Connor McDavid.
9:02 of 2nd period - Stopped by Matt Murray with a rebound.
10:06 of 2nd period - Backhand shot by Alex DeBrincat.
10:06 of 2nd period - Stopped by Matt Murray with a rebound.
10:08 of 2nd period - Slapshot by Lucas Raymond.
10:08 of 2nd period - Goal by Lucas Raymond - Winnipeg Jets : 1 - Edmonton Oilers : 1.
10:09 of 2nd period - Matthew Beniers wins face-off versus Mikael Backlund in neutral zone.
10:34 of 2nd period - Alex Iafallo is hit by Barclay Goodrow and loses puck.
11:03 of 2nd period - Wrist shot by Sam Steel.
11:03 of 2nd period - Stopped by Matt Murray with a rebound.
11:05 of 2nd period - Slapshot by Dante Fabbro.
11:05 of 2nd period - Shot Misses the Net.
11:55 of 2nd period - Wrist shot by Alex Iafallo.
11:55 of 2nd period - Stopped by Ukko-Pekka Luukkonen with a rebound.
11:57 of 2nd period - Slapshot by Brett Pesce.
11:57 of 2nd period - Shot Blocked by Nick Suzuki.
11:59 of 2nd period - Snap shot by Scott Mayfield.
11:59 of 2nd period - Deflect By Blake Wheeler.
11:59 of 2nd period - Stopped by Ukko-Pekka Luukkonen with a rebound.
12:49 of 2nd period - Andrew Cogliano is hit by Jeff Carter and loses puck.
14:17 of 2nd period - Dante Fabbro is hit by Boone Jenner and loses puck.
16:57 of 2nd period - Dante Fabbro is hit by Boone Jenner and loses puck.
17:43 of 2nd period - Alex Iafallo is hit by Dylan Samberg and loses puck.
18:11 of 2nd period - Minor Penalty to Barclay Goodrow for Cross-checking.
18:12 of 2nd period - Mikael Backlund wins face-off versus Alex DeBrincat in Winnipeg Jets zone.
18:15 of 2nd period - Slapshot by Jake DeBrusk.
18:15 of 2nd period - Shot Misses the Net.
18:23 of 2nd period - Snap shot by Mikael Backlund.
18:23 of 2nd period - Stopped by Ukko-Pekka Luukkonen with a rebound.
18:25 of 2nd period - Slapshot by Mikael Backlund.
18:25 of 2nd period - Shot Blocked by Alex DeBrincat.
18:27 of 2nd period - Wrist shot by Jake DeBrusk.
18:27 of 2nd period - Shot Misses the Net.
19:01 of 2nd period - Wrist shot by Connor McDavid.
19:01 of 2nd period - Stopped by Matt Murray with a rebound.
19:20 of 2nd period - Icing by Brandon Carlo.
19:21 of 2nd period - Boone Jenner wins face-off versus Connor McDavid in Edmonton Oilers zone.
Goals for this period are 1 for Winnipeg Jets vs 1 for Edmonton Oilers.
Shots for this period are 9 for Winnipeg Jets vs 9 for Edmonton Oilers.
3rd period
0:01 of 3rd period - Connor McDavid wins face-off versus Mikael Backlund in neutral zone.
0:11 of 3rd period - Penalty to Barclay Goodrow is over, Barclay Goodrow is back on ice.
0:26 of 3rd period - Evan Bouchard is hit by Joel Armia.
0:30 of 3rd period - Snap shot by Adrian Kempe.
0:30 of 3rd period - Shot Misses the Net.
0:55 of 3rd period - Minor Penalty to Blake Wheeler for Interference.
0:56 of 3rd period - Connor McDavid wins face-off versus Brock Boeser in Edmonton Oilers zone.
2:55 of 3rd period - Penalty to Blake Wheeler is over, Blake Wheeler is back on ice.
3:06 of 3rd period - Snap shot by Blake Wheeler.
3:06 of 3rd period - Stopped by Ukko-Pekka Luukkonen without a rebound.
3:07 of 3rd period - Blake Wheeler wins face-off versus Matthew Beniers in Winnipeg Jets zone.
3:21 of 3rd period - Icing by Alex Iafallo.
3:22 of 3rd period - Sam Steel wins face-off versus Blake Wheeler in Edmonton Oilers zone.
3:25 of 3rd period - Wrist shot by Yegor Sharangovich.
3:25 of 3rd period - Stopped by Matt Murray without a rebound.
3:26 of 3rd period - Sam Steel wins face-off versus Mikael Backlund in Edmonton Oilers zone.
3:27 of 3rd period - Wrist shot by John Hayden.
3:27 of 3rd period - Shot Blocked by Jacob Trouba.
3:35 of 3rd period - Wrist shot by Yegor Sharangovich.
3:35 of 3rd period - Shot Misses the Net.
3:51 of 3rd period - Barclay Goodrow is hit by Boone Jenner and loses puck.
4:13 of 3rd period - Minor Penalty to Calen Addison for Hooking.
4:14 of 3rd period - Boone Jenner wins face-off versus Alex DeBrincat in Winnipeg Jets zone.
4:16 of 3rd period - Snap shot by Adrian Kempe.
4:16 of 3rd period - Shot Misses the Net.
4:18 of 3rd period - Snap shot by Evan Bouchard.
4:18 of 3rd period - Stopped by Ukko-Pekka Luukkonen with a rebound.
4:20 of 3rd period - Slapshot by Evan Bouchard.
4:20 of 3rd period - Shot Misses the Net.
4:22 of 3rd period - Slapshot by Brock Boeser.
4:22 of 3rd period - Deflect By Alex DeBrincat.
4:22 of 3rd period - Shot Misses the Net.
4:22 of 3rd period - Puck is out of play.
4:23 of 3rd period - Boone Jenner wins face-off versus Alex DeBrincat in Winnipeg Jets zone.
4:32 of 3rd period - Slapshot by Adrian Kempe.
4:32 of 3rd period - Deflect By Brock Boeser.
4:32 of 3rd period - Stopped by Ukko-Pekka Luukkonen without a rebound.
4:33 of 3rd period - Mikael Backlund wins face-off versus Connor McDavid in Winnipeg Jets zone.
4:38 of 3rd period - Snap shot by Jake DeBrusk.
4:38 of 3rd period - Shot Blocked by Nathan Beaulieu.
4:40 of 3rd period - Wrist shot by Jake DeBrusk.
4:40 of 3rd period - Edmonton Oilers goal is going for a video replay.
4:40 of 3rd period - The goal is good.
4:40 of 3rd period - Goal by Jake DeBrusk - Winnipeg Jets : 1 - Edmonton Oilers : 2.
4:41 of 3rd period - Mikael Backlund wins face-off versus Connor McDavid in neutral zone.
4:46 of 3rd period - Snap shot by David Perron.
4:46 of 3rd period - Stopped by Ukko-Pekka Luukkonen with a rebound.
4:48 of 3rd period - Snap shot by Mikael Backlund.
4:48 of 3rd period - Shot Misses the Net.
4:50 of 3rd period - Slapshot by Brandon Carlo.
4:50 of 3rd period - Deflect By Jake DeBrusk.
4:50 of 3rd period - Stopped by Ukko-Pekka Luukkonen with a rebound.
4:52 of 3rd period - Snap shot by Jake DeBrusk.
4:52 of 3rd period - Shot Misses the Net.
4:54 of 3rd period - Wrist shot by Mikael Backlund.
4:54 of 3rd period - Stopped by Ukko-Pekka Luukkonen with a rebound.
4:56 of 3rd period - Snap shot by Brandon Carlo.
4:56 of 3rd period - Stopped by Ukko-Pekka Luukkonen without a rebound.
4:57 of 3rd period - Boone Jenner wins face-off versus Nick Suzuki in Winnipeg Jets zone.
5:08 of 3rd period - Slapshot by Jacob Trouba.
5:08 of 3rd period - Deflect By Boone Jenner.
5:08 of 3rd period - Stopped by Ukko-Pekka Luukkonen with a rebound.
5:24 of 3rd period - Brandon Carlo is hit by Kaiden Guhle and loses puck.
5:29 of 3rd period - Snap shot by Connor McDavid.
5:29 of 3rd period - Shot Misses the Net.
5:39 of 3rd period - Jordan Harris is hit by Jacob Trouba and loses puck.
6:00 of 3rd period - Snap shot by Alex DeBrincat.
6:00 of 3rd period - Shot Misses the Net.
6:23 of 3rd period - Off-side.
6:24 of 3rd period - Boone Jenner wins face-off versus Nick Suzuki in neutral zone.
6:31 of 3rd period - Wrist shot by Adrian Kempe.
6:31 of 3rd period - Deflect By Brock Boeser.
6:31 of 3rd period - Stopped by Ukko-Pekka Luukkonen with a rebound.
7:00 of 3rd period - Wrist shot by Kaapo Kakko.
7:00 of 3rd period - Stopped by Matt Murray with a rebound.
7:18 of 3rd period - Blake Wheeler is hit by Matthew Beniers.
7:53 of 3rd period - Andrew Cogliano is hit by Derek Grant and loses puck.
8:07 of 3rd period - Icing by Matthew Beniers.
8:08 of 3rd period - Connor McDavid wins face-off versus Blake Wheeler in Winnipeg Jets zone.
8:13 of 3rd period - Snap shot by Connor McDavid.
8:13 of 3rd period - Stopped by Matt Murray without a rebound.
8:14 of 3rd period - Mikael Backlund wins face-off versus Connor McDavid in Edmonton Oilers zone.
8:14 of 3rd period - Mikael Backlund is hit by Connor McDavid.
8:26 of 3rd period - Snap shot by David Perron.
8:26 of 3rd period - Stopped by Ukko-Pekka Luukkonen with a rebound.
8:28 of 3rd period - Double Minor Penalty to Dante Fabbro for Roughing.
8:29 of 3rd period - Connor McDavid wins face-off versus Mikael Backlund in Winnipeg Jets zone.
8:54 of 3rd period - Boone Jenner is hit by Nick Suzuki and loses puck.
9:03 of 3rd period - Icing by Brock Boeser.
9:04 of 3rd period - Alex DeBrincat wins face-off versus Boone Jenner in Edmonton Oilers zone.
9:25 of 3rd period - Snap shot by Adrian Kempe.
9:25 of 3rd period - Stopped by Ukko-Pekka Luukkonen with a rebound.
9:27 of 3rd period - Wrist shot by Adrian Kempe.
9:27 of 3rd period - Shot Misses the Net.
9:45 of 3rd period - Snap shot by Adrian Kempe.
9:45 of 3rd period - Goal by Adrian Kempe - Winnipeg Jets : 1 - Edmonton Oilers : 3.
9:46 of 3rd period - Mikael Backlund wins face-off versus Connor McDavid in neutral zone.
9:51 of 3rd period - Dylan Samberg is hit by Mikael Backlund and loses puck.
11:45 of 3rd period - Penalty to Dante Fabbro is over, Dante Fabbro is back on ice.
11:58 of 3rd period - Minor Penalty to Tanner Jeannot for Holding.
11:59 of 3rd period - Barclay Goodrow wins face-off versus Brock Boeser in Edmonton Oilers zone.
12:09 of 3rd period - Snap shot by Kaapo Kakko.
12:09 of 3rd period - Stopped by Matt Murray with a rebound.
12:11 of 3rd period - Snap shot by Barclay Goodrow.
12:11 of 3rd period - Shot Misses the Net.
12:13 of 3rd period - Slapshot by Kaiden Guhle.
12:13 of 3rd period - Stopped by Matt Murray without a rebound.
12:14 of 3rd period - Lucas Raymond wins face-off versus Adrian Kempe in Edmonton Oilers zone.
12:41 of 3rd period - Nathan Beaulieu is hit by Brandon Carlo and loses puck.
13:23 of 3rd period - Icing by Connor McDavid.
13:24 of 3rd period - Connor McDavid wins face-off versus Brock Boeser in Winnipeg Jets zone.
13:24 of 3rd period - Connor McDavid is hit by Brock Boeser.
13:30 of 3rd period - Snap shot by Alex DeBrincat.
13:30 of 3rd period - Shot Misses the Net.
13:58 of 3rd period - Penalty to Tanner Jeannot is over, Tanner Jeannot is back on ice.
14:05 of 3rd period - Off-side.
14:06 of 3rd period - Matthew Beniers wins face-off versus Blake Wheeler in neutral zone.
14:10 of 3rd period - Kaiden Guhle is hit by Alex Iafallo and loses puck.
14:18 of 3rd period - Minor Penalty to Blake Wheeler for Interference.
14:19 of 3rd period - Adrian Kempe wins face-off versus Connor McDavid in Edmonton Oilers zone.
14:56 of 3rd period - Wrist shot by Connor McDavid.
14:56 of 3rd period - Deflect By Lucas Raymond.
14:56 of 3rd period - Goal by Lucas Raymond - Winnipeg Jets : 2 - Edmonton Oilers : 3.
14:57 of 3rd period - Mikael Backlund wins face-off versus Nick Suzuki in neutral zone.
15:12 of 3rd period - Snap shot by Kaapo Kakko.
15:12 of 3rd period - Shot Blocked by Rasmus Ristolainen.
15:22 of 3rd period - Slapshot by Calen Addison.
15:22 of 3rd period - Shot Misses the Net.
15:26 of 3rd period - Wrist shot by Sam Steel.
15:26 of 3rd period - Stopped by Matt Murray without a rebound.
15:27 of 3rd period - Blake Wheeler wins face-off versus Sam Steel in Edmonton Oilers zone.
15:42 of 3rd period - Wrist shot by Blake Wheeler.
15:42 of 3rd period - Shot Misses the Net.
15:56 of 3rd period - Slapshot by Matthew Beniers.
15:56 of 3rd period - Stopped by Matt Murray without a rebound.
15:57 of 3rd period - Matthew Beniers wins face-off versus Dawson Mercer in Edmonton Oilers zone.
15:58 of 3rd period - Snap shot by Joel Armia.
15:58 of 3rd period - Stopped by Matt Murray with a rebound.
16:03 of 3rd period - Off-side.
16:04 of 3rd period - Blake Wheeler wins face-off versus Matthew Beniers in neutral zone.
16:19 of 3rd period - Snap shot by Joel Armia.
16:19 of 3rd period - Shot Misses the Net.
16:35 of 3rd period - Derek Grant is hit by John Hayden and loses puck.
16:47 of 3rd period - Off-side.
16:48 of 3rd period - Boone Jenner wins face-off versus Connor McDavid in neutral zone.
16:53 of 3rd period - Wrist shot by Brock Boeser.
16:53 of 3rd period - Shot Misses the Net.
16:55 of 3rd period - Minor Penalty to Nathan Beaulieu for Hooking.
16:56 of 3rd period - Mikael Backlund wins face-off versus Connor McDavid in Winnipeg Jets zone.
17:09 of 3rd period - Snap shot by Jake DeBrusk.
17:09 of 3rd period - Shot Misses the Net.
17:11 of 3rd period - Snap shot by Rasmus Ristolainen.
17:11 of 3rd period - Shot Misses the Net.
17:24 of 3rd period - Off-side.
17:25 of 3rd period - Alex DeBrincat wins face-off versus Boone Jenner in neutral zone.
18:15 of 3rd period - Wrist shot by Brock Boeser.
18:15 of 3rd period - Shot Misses the Net.
18:17 of 3rd period - Slapshot by Brandon Carlo.
18:17 of 3rd period - Shot Blocked by Dylan Samberg.
18:35 of 3rd period - Wrist shot by Brock Boeser.
18:35 of 3rd period - Shot Blocked by Lucas Raymond.
18:37 of 3rd period - Snap shot by Boone Jenner.
18:37 of 3rd period - Stopped by Ukko-Pekka Luukkonen without a rebound.
18:38 of 3rd period - Mikael Backlund wins face-off versus Connor McDavid in Winnipeg Jets zone.
18:55 of 3rd period - Penalty to Nathan Beaulieu is over, Nathan Beaulieu is back on ice.
19:09 of 3rd period - Off-side.
19:10 of 3rd period - Barry Trotz call a timeout for Winnipeg Jets.
19:10 of 3rd period - Blake Wheeler wins face-off versus Andrew Cogliano in neutral zone.
19:12 of 3rd period - Minor Penalty to Jeff Carter for Holding.
19:13 of 3rd period - Nick Suzuki wins face-off versus Adrian Kempe in Edmonton Oilers zone.
19:13 of 3rd period - Winnipeg Jets, Ukko-Pekka Luukkonen is pulled from the net.
19:49 of 3rd period - Wrist shot by Alex DeBrincat.
19:49 of 3rd period - Stopped by Matt Murray without a rebound.
19:50 of 3rd period - Brock Boeser wins face-off versus Nick Suzuki in Edmonton Oilers zone.
Goals for this period are 1 for Winnipeg Jets vs 2 for Edmonton Oilers.
Shots for this period are 10 for Winnipeg Jets vs 14 for Edmonton Oilers.
Back to the Top